 Dungeon Crawl Stone Soup version 0.28-a0-1506-g3893175d92 (webtiles) character file.

Game seed: 2338579219311459530

1949 freelancePsychic the Skirmisher (level 8, 0/69 (73) HPs)
             Began as a Minotaur Fighter on Jan 13, 2022.
             Was an Initiate of Yredelemnul.
             Slain by a wight (4 damage)
             ... on level 5 of the Dungeon.
             The game lasted 00:10:56 (6168 turns).

freelancePsychic the Skirmisher (Minotaur Fighter)  Turns: 6168, Time: 00:10:57

HP:   0/69 (73)     AC: 14    Str: 22 (23) XL:     8   Next: 99%
MP:   10/10         EV:  6    Int:  3 (5)  God:    Yredelemnul [......]
Gold: 366           SH:  4    Dex:  8 (10) Spells: 7/7 levels left

rFire   . . .      SeeInvis .   n - +1 rapier (venom)
rCold   . . .      Faith    .   c - +0 buckler
rNeg    . . .      Spirit   .   j - +0 plate armour
rPois   .          Reflect  .   (helmet restricted)
rElec   .          Harm     .   (no cloak)
rCorr   .          Rampage  .   (no gloves)
Will    .....                   r - +0 pair of boots
Stlth   ..........              (no amulet)
HPRegen 0.21/turn               (no ring)
MPRegen 0.12/turn               (no ring)

@: drained
A: horns 2, retaliatory headbutt
a: Renounce Religion, Recall Undead Harvest


You were on level 5 of the Dungeon.
You worshipped Yredelemnul.
Yredelemnul was noncommittal.
You visited 2 branches of the dungeon, and saw 7 of its levels.

You collected 366 gold pieces.

Inventory:

Hand Weapons
 a - a +0 war axe
 n - a +1 rapier of venom (weapon)
Armour
 c - a +0 buckler (worn)
 j - a +0 plate armour (worn)
 r - a +0 pair of boots (worn)
Jewellery
 h - a ring of resist corrosion
Wands
 i - a wand of iceblast (1)
Scrolls
 b - a scroll of blinking
 e - 3 scrolls of teleportation {@r4}
 f - a scroll of enchant armour
 g - a scroll of fear
Potions
 m - a potion of degeneration
 o - 2 potions of mutation {unknown}


   Skills:
 + Level 7.3 Fighting
 - Level 4.1 Short Blades
 - Level 4.1(5.9) Axes
 * Level 6.5(7.1) Maces & Flails
 + Level 7.2 Armour
 - Level 3.6 Shields
 + Level 4.3 Invocations
 - Level 1.6 Evocations


You had 7 spell levels left.
You didn't know any spells.
Your spell library contained the following spells:

 Spells                   Type           Power      Damage    Failure   Level
 Beastly Appendage        Tmut           0%         N/A       100%        1
 Magic Dart               Conj           0%         1d3       100%        1
 Call Imp                 Summ           0%         N/A       100%        2
 Wereblood                Tmut           0%         N/A       100%        2
 Mephitic Cloud           Conj/Pois/Air  0%         N/A       100%        3
 Spider Form              Tmut/Pois      0%         N/A       100%        3
 Cause Fear               Hex            0%         N/A       100%        4
 Dragon Form              Tmut           0%         N/A       100%        7
 Dragon's Call            Summ           0%         N/A       100%        9


Dungeon Overview and Level Annotations

Branches:
Dungeon (6/15)             Temple (1/1) D:4

Altars:
Ashenzari
Cheibriados
Dithmenos
Gozag
Hepliaklqana
Makhleb
Nemelex Xobeh
Okawaru
Qazlal
Sif Muna
Trog
Vehumet
Wu Jian
Xom
Yredelemnul
Zin
The Shining One

Shops:
D:5 :*?(!   D:6 (


Innate Abilities, Weirdness & Mutations

You have a pair of horns on your head.
You reflexively headbutt those who attack you in melee.


Message History

The wight hits you but does no damage.
You hear some strange, mumbled words.
A magic dart appears from out of thin air!
The magic dart hits you but does no damage.
You puncture something! Your headbutt misses something.
You hear some strange, mumbled words.
A magic dart appears from out of thin air!
The magic dart hits you! The wight hits you with a +6 war axe!
You feel drained.
* * * LOW HITPOINT WARNING * * *
Reactivating autopickup.
You feel a bit more experienced.
You feel a bit more experienced.
Your life force feels restored.
There is a stone staircase leading up here.
You climb upwards.
There is a stone staircase leading down here.
The wight hits you but does no damage. The wight barely misses you.
There is an entrance to Zariabapt's Book Shoppe here.
There is a stone staircase leading up here.
The wight hits you with a +6 war axe!
* * * LOW HITPOINT WARNING * * *
There is an open door here.
You see here a +0 whip.
Items here: ))) [.
The wight hits you with a +6 war axe!
* * * LOW HITPOINT WARNING * * *
You feel drained.
* * * LOW HITPOINT WARNING * * *
It was a potion of degeneration.
There was something very wrong with that liquid.
You feel weakened.
You feel dopey.
You feel clumsy. The wight hits you but does no damage.
It was a potion of curing.
You feel better. The wight hits you with a +6 war axe!
* * * LOW HITPOINT WARNING * * *
You feel drained.
You die...
Your body rises from the dead as a mindless zombie.

#Z# ##'##### ##
#.# #..# #. #.#
##.## #. #.#
#..# #. #Z#
#.## #.
#.########.# ##
#..........#
######.#####
#@# #z# #.# #.#
#)# #)# #####
#.####...###
#.#....8...#
###'.........##


You could see a wight.

Vanquished Creatures
  Maggie (D:6)
  A hornet (D:5)
  An orc warrior (D:6)
  A black bear (D:6)
  An ice beast (D:4)
  2 ogres
  A centaur (D:5)
  A kobold brigand (D:6)
  2 scorpions (D:5)
  A water moccasin skeleton (D:5)
  A howler monkey (D:6)
  A bullfrog skeleton (D:6)
  4 jellies
  A gnoll shaman (D:5)
  A hound (D:6)
  An orc priest (D:6)
  2 centaur skeletons (D:5)
  2 iguanas (D:5)
  2 orc wizards
  Robin (D:2)
  3 adders
  4 gnolls
  A shadow imp (D:6)
  A white imp (D:6)
  An adder skeleton (D:4)
  A worm (D:4)
  A dart slug (D:5)
  4 orcs
  5 bats
  15 endoplasms
  3 giant cockroaches
  13 goblins
  10 hobgoblins
  21 kobolds
  A quokka (D:4)
  10 ball pythons
  5 frilled lizards
  5 rats
132 creatures vanquished.

Vanquished Creatures (collateral kills)
  A hound (D:5)
  2 hound skeletons
  An adder (D:6)
  2 endoplasms (D:4)
  A goblin (D:4)
  A kobold (D:4)
8 creatures vanquished.

Vanquished Creatures (others)
  A human zombie (D:6)
  A howler monkey zombie (D:6)
  A spectral jelly (D:6)
  A ball python zombie (D:4)
  A goblin zombie (D:4)
  5 kobold zombies
  A quokka zombie (D:4)
  3 spectral endoplasms (D:4)
  7 fungi (D:4)
  7 toadstools (D:4)
28 creatures vanquished.

Grand Total: 168 creatures vanquished

Notes
Turn   | Place    | Note
-------+----------+-------------------------------------------
     0 | D:1      | freelancePsychic the Minotaur Fighter began the quest for
                  | the Orb.
     0 | D:1      | Reached XP level 1. HP: 19/19 MP: 0/0
   212 | D:1      | Reached XP level 2. HP: 27/27 MP: 1/1
   873 | D:1      | Reached XP level 3. HP: 33/33 MP: 2/2
  1390 | D:2      | Noticed Robin
  1407 | D:2      | Killed Robin
  1408 | D:2      | Reached XP level 4. HP: 35/40 MP: 3/3
  2310 | D:3      | Found a stormy altar of Qazlal.
  2498 | D:4      | Reached skill level 1 in Short Blades
  2617 | D:4      | Noticed an ice beast
  2622 | D:4      | Killed an ice beast
  2623 | D:4      | Reached skill level 1 in Evocations
  2623 | D:4      | Reached XP level 5. HP: 47/47 MP: 4/4
  2856 | D:4      | Found a staircase to the Ecumenical Temple.
  2874 | Temple   | Entered the Ecumenical Temple
  2988 | Temple   | Became a worshipper of Yredelemnul the Dark
  3062 | D:4      | Reached XP level 6. HP: 30/55 MP: 5/5
  3305 | D:4      | Reached * piety under Yredelemnul
  3307 | D:4      | Reached skill level 5 in Armour
  3457 | D:4      | Reached skill level 5 in Fighting
  3457 | D:4      | Reached skill level 1 in Invocations
  3735 | D:5      | Entered Level 5 of the Dungeon
  3813 | D:5      | Noticed a hornet
  4135 | D:5      | Reached XP level 7. HP: 53/61 MP: 7/7
  4178 | D:5      | Found Qanyugg's Magic Scroll Shoppe.
  4182 | D:5      | Found Kadgh's Antique Weapon Emporium.
  4214 | D:5      | Found Tovyin's Distillery.
  4306 | D:5      | Found Xesu's Assorted Antiques.
  4311 | D:5      | Reached skill level 1 in Maces & Flails
  4407 | D:5      | Paralysed by a hornet for 1 turns
  4410 | D:5      | Killed a hornet
  4411 | D:5      | Reached ** piety under Yredelemnul
  4683 | D:5      | Reached XP level 8. HP: 70/70 MP: 9/9
  4706 | D:5      | Reached *** piety under Yredelemnul
  4758 | D:5      | Found Zariabapt's Book Shoppe.
  5375 | D:6      | Noticed Maggie
  5411 | D:6      | Killed Maggie
  5412 | D:6      | Reached skill level 5 in Maces & Flails
  5422 | D:6      | Your ally Maggie died
  5705 | D:6      | Found Mease's Antique Weapon Shoppe.
  6168 | D:5      | Slain by a wight

Illustrated notes

Levels and vault maps discovered:
D:1:      mrwooster_arrival_statue_3, layout_loops_corners,
          minmay_misc_feat_alley
D:2:      layout_basic, uniq_robin
D:3:      layout_loops_ring, marbit_many_paths, minivault_25, minmay_bisected
D:4:      cheibrodos_fertilizer, layout_basic, minmay_temple_entry_offerings
D:5:      layout_basic, serial_shops, nicolae_shop_trees, shop,
          nicolae_stop_n_shop_2, nicolae_shop_stone, nicolae_shop_waterfront,
          chequers_serial_rivers_room_a, nicolae_concentric_dashed_squares_mild,
          st_stairs_14
D:6:      layout_rooms, serial_shops, kennysheep_mini, chequers_garden,
          uniq_maggie
Temple:   regret_index_temple_sphere_string

Skill      XL: |  1  2  3  4  5  6  7  8 |
---------------+-------------------------+-----
Axes           | 3 4 |  4.1
Fighting       | 4 5 6 7 |  7.3
Armour         | 4 5 6 7 |  7.2
Short Blades   | 2 4 |  4.1
Evocations     | 1 |  1.6
Invocations    | 1 2 4 |  4.3
Maces & Flails | 3 6 |  6.5
Shields        | |  3.6

Action                   |  1- 3 |  4- 6 |  7- 9 || total
-------------------------+-------+-------+-------++-------
Melee: War axe           |    70 |     4 |       ||    74
       Headbutt          |     4 |    18 |    29 ||    51
       Rapier            |       |   120 |   132 ||   252
Invok: Recall Undead Har |       |     1 |     1 ||     2
Evoke: Wand              |       |       |     3 ||     3
  Use: Potion            |       |     1 |     2 ||     3
       Scroll            |       |     8 |     3 ||    11
 Stab: Distracted        |       |       |     1 ||     1
Armor: Scale mail        |    24 |       |       ||    24
       Plate armour      |    15 |    63 |    92 ||   170
Dodge: Dodged            |    28 |    42 |    33 ||   103
Block: Buckler           |    16 |    23 |    27 ||    66

Table legend: (Time is in decaauts)
 A = Elapsed time spent in this place.
 B = Non-inter-level travel time spent in this place.
 C = Inter-level travel time spent in this place.
 D = Time resting spent in this place.
 E = Time spent auto-exploring this place.
 F = Levels seen in this place.
 G = Mean time per level.
                   A        B        C        D        E       F      G
               +--------+--------+--------+--------+--------+-----+--------+
         Total |   6219 |   6001 |    218 |     43 |   4994 |   7 |  888.4 |
       Dungeon |   6080 |   5887 |    193 |     43 |   4902 |   6 | 1013.3 |
        Temple |    139 |    114 |     25 |      0 |     92 |   1 |  139.0 |
               +--------+--------+--------+--------+--------+-----+--------+

Top non-repeatable levels by time:
     D:5: 1685 daAuts
     D:4: 1243 daAuts
     D:1: 1150 daAuts
     D:6: 757 daAuts
     D:3: 748 daAuts
     D:2: 495 daAuts
  Temple: 139 daAuts
